 Dungeon Crawl Stone Soup version 0.30-a0-1163-gf69bf04e7a (webtiles) character file.

Game seed: 16430141439716392791

39342 kae the Black Belt (level 14, -4/106 (110) HPs)
             Began as a Merfolk Transmuter on Apr 28, 2023.
             Was an Elder of Ru.
             Succumbed to a redback's poison
             ... on level 5 of the Lair of Beasts.
             The game lasted 00:25:45 (21245 turns).

kae the Black Belt (Merfolk Transmuter)            Turns: 21245, Time: 00:25:45

HP:   -4/106 (110)  AC:  8    Str: 12    XL:     14   Next: 6%
MP:   8/27          EV: 15    Int: 21    God:    Ru [****..]
Gold: 1005          SH:  0    Dex: 19    Spells: 16/31 levels left

rFire   . .          .
                       - Unarmed
rCold   + . .        (shield currently unavailable)
rNeg    . . .        C - +0 ring mail of the Rose {rC+ Str+3 Slay+3}
rPois   .            X - +2 hat {Int+3}
rElec   .            (no cloak)
rCorr   .            (gloves currently unavailable)
SInv    +            L - +0 pair of boots "Urootio" {Dex+4 SInv}
Will    ++...        p - amulet of the Wicked Guava {Spirit Will+ Str-2 Int+2 Stlth+} Stlth
                     v - ring of see invisible
HPRegen 0.37/turn    Z - ring of wizardry
MPRegen 0.20/turn

%: guardian spirit, wizardry (x1)
@: lethally poisoned (-4 -> -68), exhausted, blade hands (expiring),
wereblooded, lightly drained
A: no stealth, inability to use devices, inability to train armour, (nimble
swimmer 2), mertail
a: End Transformation, Renounce Religion, Draw Out Power, Power Leap


You were on level 5 of the Lair of Beasts.
You worshipped Ru.
Ru was greatly pleased with you.
You had blades for hands.
You visited 3 branches of the dungeon, and saw 18 of its levels.
You also visited: Bailey.

You collected 1129 gold pieces.
You spent 124 gold pieces at shops.


Innate Abilities, Weirdness & Mutations

You have blades for hands.
Your spellcasting is less reliable in this form.
You are incapable of wielding weapons or throwing items.
You cannot be stealthy.
You cannot study or use magical devices.
You cannot train Armour skill.
((You are very nimble when in or above water. (Stealth+, EV+, Speed+++)))
Your lower body shifts to a powerful aquatic tail in water.


   Skills:
 + Level 10.2 Fighting
   Level 0.0 Armour
 + Level 9.1 Dodging
 * Level 15.0 Unarmed Combat
 + Level 9.3 Spellcasting
 + Level 12.8 Transmutations
 - Level 7.0 Ice Magic
 - Level 2.0 Poison Magic


You had 16 spell levels left.
You knew the following spells:

 Your Spells              Type           Power      Damage    Failure   Level
a - Beastly Appendage     Tmut           100%       N/A       2%          1
b - Wereblood             Tmut           59%        N/A       3%          2
c - Spider Form           Tmut/Pois      40%        N/A       9%          3
d - Ice Form              Ice/Tmut       51%        N/A       10%         4
e - Blade Hands           Tmut           29%        N/A       9%          5

Your spell library contained the following spells:

 Spells                   Type           Power      Damage    Failure   Level
 Kiss of Death            Conj/Necr      36%        2d8       26%         1
 Magic Dart               Conj           36%        1d4       26%         1
 Slow                     Hex            36%        N/A       26%         1
 Call Imp                 Summ           18%        N/A       34%         2
 Sublimation of Blood     Necr           9%         N/A       34%         2
 Mephitic Cloud           Conj/Pois/Air  12%        N/A       43%         3
 Confusing Touch          Hex            9%         N/A       50%         3
 Dazzling Flash           Conj/Hex       18%        N/A       50%         3
 Portal Projectile        Hex/Tloc       18%        N/A       50%         3
 Tukima's Dance           Hex            9%         N/A       50%         3
 Vampiric Draining        Necr           9%         2d6       50%         3
 Volatile Blastmotes      Fire/Tloc      18%        2d11      50%         3
 Olgreb's Toxic Radiance  Pois           18%        N/A       58%         4
 Dispel Undead            Necr           9%         3d8       80%         4
 Fulminant Prism          Conj/Hex       4%         3d5       80%         4
 Iskenderun's Mystic Bla  Conj/Tloc      9%         2d4       80%         4
 Agony                    Necr           9%         N/A       97%         5
 Lee's Rapid Deconstruct  Erth           4%         3d5*      97%         5
 Silence                  Hex/Air        4%         N/A       97%         5
 Summon Hydra             Summ           4%         N/A       100%        7
 Discord                  Hex            4%         N/A       100%        8
 Ignition                 Fire           4%         3d4       100%        8

Inventory:

Hand Weapons
 W - a +4 dagger of draining
   (You found it on level 1 of the Dungeon)
Missiles
 a - 22 stones
 s - 3 atropa-tipped darts
 y - 3 poisoned darts
 A - 3 boomerangs
Armour
 e - a +3 leather armour of cold resistance
   (You took it off an orc priest on level 6 of the Dungeon)
 C - the +0 ring mail of the Rose (worn) {rC+ Str+3 Slay+3}
   (You found it on level 5 of the Lair of Beasts)

   Str:       It affects your strength (+3).
   Slay:      It affects your accuracy & damage with ranged weapons and melee
   (+3).
   rC:        It protects you from cold.
 L - the +0 pair of boots "Urootio" (worn) {Dex+4 SInv}
   (You found it on level 6 of the Dungeon)

   Dex:       It affects your dexterity (+4).
   SInv:      It lets you see invisible.
 X - a +2 hat of intelligence (worn)
   (You took it off Gastronok on level 2 of the Lair of Beasts)
Jewellery
 d - a +6 ring of dexterity
   (You found it on level 1 of the Lair of Beasts)
 g - an amulet of regeneration
   (You found it on level 3 of the Lair of Beasts)
 p - the amulet of the Wicked Guava (around neck) {Spirit Will+ Str-2 Int+2 Stlth+}
   (You found it on level 2 of the Dungeon)

   [amulet of guardian spirit]

   It causes incoming damage to be divided between your reserves of health and
   magic.
   Str:       It affects your strength (-2).
   Int:       It affects your intelligence (+2).
   Will:      It increases your willpower.
   Stlth:     It makes you more stealthy.
 v - a ring of see invisible (left blade hand)
   (You found it on level 2 of the Dungeon)
 D - a +6 ring of dexterity
   (You found it on level 10 of the Dungeon)
 F - a ring of fire
   (You found it on level 12 of the Dungeon)
 N - a ring of positive energy
   (You found it on level 8 of the Dungeon)
 Z - a ring of wizardry (right blade hand)
   (You found it on level 6 of the Dungeon)
Wands
 m - a wand of mindburst (16)
   (You found it on level 5 of the Dungeon)
 r - a wand of digging (1)
   (You found it on level 3 of the Lair of Beasts)
 B - a wand of roots (7)
   (You took it off Duvessa on level 5 of the Dungeon)
 J - a wand of charming (22)
   (You found it on level 7 of the Dungeon)
 M - a wand of light (2)
   (You found it on level 9 of the Dungeon)
 R - a wand of flame (9)
   (You found it on level 9 of the Dungeon)
Scrolls
 b - 4 scrolls of summoning
 o - 5 scrolls of enchant armour
 t - 4 scrolls of teleportation {@r4}
 x - 4 scrolls of poison {!r}
 z - 4 scrolls of noise {!r}
 E - a scroll of silence {!r}
 G - 8 scrolls of enchant weapon
 P - 3 scrolls of fear
 S - 2 scrolls of blinking {!r}
 T - 2 scrolls of fog
 V - 6 scrolls of identify {@r1}
Potions
 c - 7 potions of attraction {!q}
 f - 3 potions of cancellation
 h - 8 potions of might
 i - 9 potions of heal wounds {@q2}
 j - 4 potions of degeneration {!q}
 k - 4 potions of flight
 l - 3 potions of mutation {!q}
 n - a potion of ambrosia
 q - 3 potions of haste {@q3}
 u - 8 potions of curing {@q1}
 w - 3 potions of lignification {!q}
 H - 3 potions of resistance
 I - 4 potions of magic
 Q - 2 potions of invisibility
 Y - 2 potions of berserk rage {!q}
Miscellaneous
 K - a phial of floods
   (You found it on level 9 of the Dungeon)
 U - a condenser vane
   (You found it on level 11 of the Dungeon)

Dungeon Overview and Level Annotations

Branches:
Dungeon (12/15) Zot: 25688  Temple (1/1) D:4 Zot: 5771    Lair (5/5) D:11 Zot: 22672
 Shoals (0/4) Lair:2        Snake (0/4) Lair:2        Slime (0/5) Lair:4
    Orc (0/2) D:11         Bailey (visited)

Altars:
Ashenzari
Cheibriados
Dithmenos
Elyvilon
Fedhas
Gozag
Hepliaklqana
Kikubaaqudgha
Makhleb
Nemelex Xobeh
Okawaru
Qazlal
Ru
Sif Muna
Trog
Uskayaw
Vehumet
Wu Jian
Xom
Yredelemnul
Zin
The Shining One
Jiyva

Shops:
D:1 *   D:10 [

Annotations:
D:7 exclusion: door
D:11 exclusion: 3 skeletal warriors
Lair:5 Rupert

..PP.#.....†.......... .
##....##..........
#....###P...#.P..
##...##........# #.
#...##...P...####..
##..##.....P........
#.)##.........###...
##.##.....###....#...
###..#@...###..........
##...SlF.###.........#..
#....#.###....P...P.####
S........###............##.#
s........### ...............
.####....#.###....P.........
##..##...#.#...P........
######....###..........
####.##.....###........


You could see a guardian serpent, a cane toad and a wyvern.


Message History

The redback bites the cane toad.
A cane toad comes into view.
The wolf spider hits you. The wolf spider completely misses you.
The redback bites you but does no damage.
The cane toad misses you.
The wyvern bites you but does no damage.
The redback closely misses you. 😕 HP[-4] MP[-3]
You take 4 damage, and now have 106/110 hp.
You lost 3 mp, and now have 19/27 mp.
The cane toad croaks.
You slice the cane toad!!
You feel a bit better.
You kill the cane toad!
The wolf spider hits you! The wolf spider bites you!
You are poisoned.
The wolf spider poisons you! The redback bites you.
The wyvern barely misses you.
The redback bites you but does no damage.
You slice the wolf spider!! You slash the wolf spider.
You feel very sick.
The wolf spider is stunned by your conviction and fails to attack.
The redback bites you but does no damage.
The wyvern closely misses you. The redback bites you.
You are more poisoned.
The redback poisons you!
The wolf spider hits you but does no damage.
The wolf spider bites you! 😮 HP[-35] MP[-6]
You take 35 damage, and now have 71/110 hp.
MASSIVE DAMAGE!! (PAUSE)
You lost 6 mp, and now have 13/27 mp.
You slice the wolf spider!!
You feel a bit better.
You kill the wolf spider!
You feel extremely sick. The redback closely misses you.
The redback bites you but does no damage.
The wyvern closely misses you. 😮 HP[-9]
You take 9 damage, and now have 62/110 hp.
Unknown command.
You barely miss the redback. Your slash misses the redback.
* * * LOW HITPOINT WARNING * * *
You feel extremely sick.
The redback bites you but does no damage.
The wyvern hisses menacingly.
The wyvern bites you!
* * * LOW HITPOINT WARNING * * *
The redback misses you. 😨 HP[-21] MP[-3]
You take 21 damage, and now have 41/110 hp.
You lost 3 mp, and now have 10/27 mp.
Unknown command.
You shred the redback!!!
You feel a bit better.
You kill the redback!
Your transformation is almost over.
* * * LOW HITPOINT WARNING * * *
You feel extremely sick. The redback misses you. The wyvern bites you.
* * * LOW HITPOINT WARNING * * *
😨 HP[-9] MP[-2]
You take 9 damage, and now have 32/110 hp.
You lost 2 mp, and now have 8/27 mp.
You are restored by drawing out deep reserves of power within.
You feel drained.
You feel extremely sick. The redback completely misses you.
The cane toad misses you. The wyvern bites you!
* * * LOW HITPOINT WARNING * * *
The redback is stunned by your conviction and fails to attack. 😨 HP[+10] MP[+9]
You now have 105 max hp (-5).
You regained 10 hp, and now have 42/105 hp.
You regained 9 mp, and now have 17/27 mp.
You shred the cane toad!!!
You feel a bit better.
You kill the cane toad!
You feel very sick. The wyvern bites you!
* * * LOW HITPOINT WARNING * * *
The redback bites you!
* * * LOW HITPOINT WARNING * * *
You are more poisoned.
The redback poisons you! 😱 HP[-24] MP[-9]
You now have 106 max hp (+1).
You take 24 damage, and now have 18/106 hp.
MASSIVE DAMAGE!! (PAUSE)
You lost 9 mp, and now have 8/27 mp.
You slash the redback!
* * * LOW HITPOINT WARNING * * *
You feel extremely sick. The wyvern misses you. The redback bites you.
* * * LOW HITPOINT WARNING * * *
The cane toad barely misses you. 😱 HP[-14] MP[-1]
You take 14 damage, and now have 4/106 hp.
You lost 1 mp, and now have 7/27 mp.
Unknown command.
You slice the redback!!
You feel a bit better.
You kill the redback!
You die...

Skill      XL: |  1  2  3  4  5  6  7  8  9 10 11 12 13 14 |
---------------+-------------------------------------------+-----
Transmutations | 3 4 5 6 7 8 10 11 12 | 12.8
Poison Magic   | 1 2 |  2.0
Unarmed Combat | 4 5 7 8 10 11 13 14 15 | 15.0
Spellcasting   | 3 4 5 6 7 8 9 |  9.3
Ice Magic      | 1 3 4 6 7 |  7.0
Fighting       | 2 3 4 6 7 9 10 | 10.2
Armour         | 1 2 3 4 0 |  0.0
Dodging        | 3 7 8 9 |  9.1

Action                     |  1- 3 |  4- 6 |  7- 9 | 10-12 | 13-15 || total
---------------------------+-------+-------+-------+-------+-------++-------
  Melee: Dagger            |    69 |    60 |     3 |       |       ||   132
         Unarmed           |     2 |    56 |   224 |   611 |   252 ||  1145
         Headbutt          |     7 |     4 |       |       |     1 ||    12
         Punch             |       |       |       |       |    22 ||    22
   Cast: Beastly Appendage |    16 |     7 |       |       |     1 ||    24
         Wereblood         |     1 |     3 |     5 |    28 |     6 ||    43
         Spider Form       |       |    13 |     9 |     1 |       ||    23
         Ice Form          |       |       |    23 |    65 |     2 ||    90
         Blade Hands       |       |       |       |       |    31 ||    31
 Invoke: Sacrifice Artific |       |       |     1 |       |       ||     1
         Sacrifice Durabil |       |       |       |     1 |       ||     1
         Draw Out Power    |       |       |       |     1 |     3 ||     4
         Sacrifice Stealth |       |       |       |     1 |       ||     1
         Reject Sacrifices |       |       |       |       |     1 ||     1
Ability: End Transformatio |       |       |     1 |       |     2 ||     3
    Use: Scroll            |     2 |    11 |     5 |     9 |       ||    27
         Potion            |       |     2 |     1 |     6 |     2 ||    11
   Stab: Distracted        |       |     1 |       |     3 |     1 ||     5
         Invisible         |       |       |       |     6 |     2 ||     8
         Sleeping          |       |       |       |     3 |       ||     3
         Paralysed         |       |       |       |     1 |       ||     1
 Armour: Robe              |    23 |     9 |     3 |     9 |     2 ||    46
         Skin              |       |     3 |    99 |   232 |     4 ||   338
         Leather armour    |       |       |       |       |    26 ||    26
         Ring mail         |       |       |       |       |     8 ||     8
  Dodge: Dodged            |    49 |    74 |   167 |   424 |   170 ||   884

Levels and vault maps discovered:
D:1:      onia_arrival_mini_maze, layout_rooms, serial_shops, shop,
          minmay_box_of_dots
D:2:      layout_rooms, chequers_jeans, minmay_tromino_v4_c, uniq_sigmund,
          uniq_jessica
D:3:      layout_loops_ring, minmay_misc_feat_iff
D:4:      layout_basic, minmay_temple_entry_glassed_door
D:5:      layout_loops_ring, makhleb_heckhound_becter, uniq_duvessa
D:6:      layout_loops_ring, mainiacjoe_overflow_paths,
          nicolae_overflow_hidden_temple, ebering_ghost_reflecting_pool,
          uniq_blork_the_orc
D:7:      layout_gridville, zin_statuary
D:8:      lemuel_castle_with_subvaults [lemuel_castle_interior_carwin_2],
          layout_layer_cave, mainiacjoe_overflow_large_starburst
D:9:      layout_cave_pools, old_standard_altar
D:10:     layout_rooms, serial_shops, nicolae_shop_tiny_glass, enter_bailey_5
D:11:     layout_loops_corners, lair_entry_dummy, erik_orc_4, solitary_fountain
D:12:     layout_basic, hangedman_fish_farm
Temple:   bh_familiar_temple
Lair:1:   layout_gridlike, serial_bayou_shore_b
Lair:2:   layout_hall_layers, minmay_shoals_entry_beasts,
          nicolae_snake_entry_warm_welcome, uniq_gastronok
Lair:3:   layout_long_grid
Lair:4:   layout_long_grid, slime_entry_1
Lair:5:   guppyfry_lair_end_dragon, layout_regular_city,
          hangedman_lair_tendril_chambers, uniq_rupert

Notes
Turn   | Place    | Note
-------+----------+-------------------------------------------
     0 | D:1      | kae the Merfolk Transmuter began the quest for the Orb.
     0 | D:1      | Reached XP level 1. HP: 15/15 MP: 3/3
     0 | D:1      | magus.rc [v1.11.3]
   106 | D:1      | Reached XP level 2. HP: 21/21 MP: 3/5
   108 | D:1      | Reached skill level 3 in Transmutations
   160 | D:1      | Reached skill level 1 in Poison Magic
   215 | D:1      | Found Riheu's Assorted Antiques.
   223 | D:1      | Bought a fuming white potion for 23 gold pieces
   383 | D:1      | Reached XP level 3. HP: 25/26 MP: 4/6
   395 | D:1      | Learned a level 2 spell: Wereblood
   399 | D:1      | Learned a level 3 spell: Spider Form
   659 | D:2      | Noticed Sigmund
   934 | D:2      | Reached XP level 4. HP: 29/32 MP: 4/7
   949 | D:2      | Identified the amulet of the Wicked Guava {Spirit Will+
                  | Str-2 Int+2 Stlth+}
   976 | D:2      | Noticed Jessica
   983 | D:2      | Killed Jessica
   984 | D:2      | Reached skill level 4 in Unarmed Combat
   984 | D:2      | Reached skill level 2 in Poison Magic
   985 | D:2      | HP: 3/32 [something/puff of flame (8)]
  1155 | D:2      | Killed Sigmund
  1156 | D:2      | Reached skill level 3 in Spellcasting
  1156 | D:2      | Reached skill level 4 in Transmutations
  1156 | D:2      | Reached XP level 5. HP: 18/37 MP: 3/10
  1156 | D:2      | Reached XP level 6. HP: 21/43 MP: 3/11
  1461 | D:2      | Learned a level 4 spell: Ice Form
  1782 | D:1      | Bought a scroll labelled XANIMA RYEMYSH for 26 gold pieces
  1782 | D:1      | Bought a fuming white potion for 23 gold pieces
  1782 | D:1      | Bought a scroll of identify for 52 gold pieces
  1850 | D:3      | Reached skill level 5 in Transmutations
  2026 | D:3      | You pick up a book of Weapons and begin reading...
  2026 | D:3      | You add the spells Tukima's Dance, Portal Projectile and
                  | Blade Hands to your library.
  2095 | D:3      | Reached skill level 5 in Unarmed Combat
  2493 | D:4      | Reached skill level 1 in Ice Magic
  2682 | D:4      | Found a staircase to the Ecumenical Temple.
  2686 | Temple   | Entered the Ecumenical Temple
  2889 | Temple   | Became a worshipper of Ru the Awakened
  3283 | D:5      | Entered Level 5 of the Dungeon
  3301 | D:5      | Reached XP level 7. HP: 27/49 MP: 5/12
  3403 | D:5      | Found a burning altar of Makhleb.
  3578 | D:5      | Reached skill level 2 in Fighting
  3578 | D:5      | Reached skill level 2 in Ice Magic
  3581 | D:5      | You pick up a book of the Senses and begin reading...
  3581 | D:5      | You add the spells Dazzling Flash, Agony and Silence to
                  | your library.
  3685 | D:5      | Reached skill level 1 in Armour
  3991 | D:5      | Reached skill level 4 in Spellcasting
  3991 | D:5      | Reached skill level 3 in Ice Magic
  3991 | D:5      | Reached XP level 8. HP: 42/57 MP: 7/14
  4103 | D:5      | Reached skill level 6 in Unarmed Combat
  4368 | D:5      | Noticed Dowan
  4414 | D:5      | Noticed Duvessa
  4423 | D:5      | Killed Duvessa
  4429 | D:5      | Killed Dowan
  4584 | D:6      | Noticed Blork the orc
  4595 | D:6      | Killed Blork the orc
  4596 | D:6      | Reached skill level 3 in Fighting
  4608 | D:6      | Reached skill level 6 in Transmutations
  4656 | D:6      | Reached skill level 4 in Ice Magic
  4680 | D:6      | Gained mutation: You cannot study or use magical devices.
                  | [Ru sacrifice]
  4680 | D:6      | Reached * piety under Ru
  4680 | D:6      | Reached ** piety under Ru
  4740 | D:6      | Found a sparkling altar of Nemelex Xobeh.
  4767 | D:6      | Reached skill level 2 in Armour
  4968 | D:6      | You pick up a book of Touch and begin reading...
  4968 | D:6      | You add the spells Kiss of Death, Confusing Touch and
                  | Dispel Undead to your library.
  5115 | D:6      | Reached skill level 7 in Unarmed Combat
  5186 | D:6      | Reached XP level 9. HP: 65/65 MP: 9/15
  5193 | D:6      | Learned a level 5 spell: Blade Hands
  5289 | D:6      | Reached skill level 5 in Ice Magic
  5368 | D:6      | Found a shimmering blue altar of Sif Muna.
  5377 | D:6      | Found a runed translucent door.
  5378 | D:6      | Noticed KimchiStew's ghost (novice FoMo)
  5549 | D:6      | Killed KimchiStew's ghost
  5550 | D:6      | Reached skill level 4 in Fighting
  5776 | D:7      | Reached skill level 7 in Transmutations
  6090 | D:7      | Reached skill level 5 in Spellcasting
  6090 | D:7      | Reached skill level 6 in Ice Magic
  6173 | D:7      | Found a glowing silver altar of Zin.
  6186 | D:7      | Reached skill level 8 in Unarmed Combat
  6205 | D:6      | Identified the +0 pair of boots "Urootio" {Dex+4 SInv}
  6419 | D:7      | HP: 19/79 [poisoned by a killer bee]
  6720 | D:8      | Found a broken altar of Ashenzari.
  6720 | D:8      | Found a radiant altar of Vehumet.
  6727 | D:8      | You pick up a book of Minor Magic and begin reading...
  6727 | D:8      | You add the spells Magic Dart, Call Imp and Mephitic Cloud
                  | to your library.
  6853 | D:8      | You pick up a book of Blasting and begin reading...
  6853 | D:8      | You add the spells Volatile Blastmotes, Fulminant Prism,
                  | Iskenderun's Mystic Blast and Lee's Rapid Deconstruction to
                  | your library.
  7050 | D:8      | Noticed a hornet
  7056 | D:8      | Killed a hornet
  7057 | D:8      | Reached skill level 3 in Armour
  7064 | D:8      | Reached XP level 10. HP: 35/73 MP: 10/17
  7066 | D:8      | HP: 21/87 [kobold brigand/+0 club (3)]
  7071 | D:8      | HP: 15/87 [poisoned by a killer bee]
  7269 | D:8      | HP: 16/73 [poisoned by a killer bee]
  7274 | D:8      | HP: 21/87 [hound (2)]
  7672 | D:8      | Reached skill level 5 in Fighting
  7682 | D:8      | Reached skill level 7 in Ice Magic
  7860 | D:8      | Reached skill level 9 in Unarmed Combat
  7867 | D:8      | Reached skill level 8 in Transmutations
  8330 | D:8      | You pick up a book of Blood and begin reading...
  8330 | D:8      | You add the spells Sublimation of Blood and Summon Hydra to
                  | your library.
  8791 | D:9      | Reached skill level 6 in Spellcasting
  8830 | D:9      | Reached skill level 6 in Fighting
  8907 | D:9      | You pick up a book of Debilitation and begin reading...
  8907 | D:9      | You add the spells Slow and Vampiric Draining to your
                  | library.
  8956 | D:9      | Reached skill level 4 in Armour
  9070 | D:9      | Reached skill level 10 in Unarmed Combat
  9122 | D:9      | Noticed a two-headed ogre
  9128 | D:9      | Killed a two-headed ogre
  9129 | D:9      | Reached XP level 11. HP: 81/81 MP: 12/20
  9285 | D:9      | Found an opulent altar of Gozag.
  9368 | D:10     | Entered Level 10 of the Dungeon
  9402 | D:10     | Reached skill level 9 in Transmutations
  9650 | D:10     | HP: 24/99 [goblin/+0 spear (3)]
  9657 | D:10     | Found a flagged portal.
  9852 | Bailey   | Entered a bailey
 10053 | Bailey   | HP: 19/99 [orc warrior/+0 spear (9)]
 10244 | Bailey   | Gained mutation: You cannot train Armour skill. [Ru
                  | sacrifice]
 10244 | Bailey   | Reduced skill Armour to level 0
 10244 | Bailey   | Reached *** piety under Ru
 10285 | Bailey   | Noticed an orc knight
 10285 | Bailey   | Noticed an orc knight
 10322 | Bailey   | Killed an orc knight
 10324 | Bailey   | Killed an orc knight
 10325 | Bailey   | Reached skill level 11 in Unarmed Combat
 10489 | Bailey   | Reached skill level 7 in Fighting
 10825 | D:10     | Found Dazenoli's Antique Armour Emporium.
 10929 | D:11     | Noticed a boulder beetle
 10956 | D:11     | Killed a boulder beetle
 11074 | D:11     | Noticed a skeletal warrior
 11076 | D:11     | Noticed a skeletal warrior
 11133 | D:11     | You add the spells Olgreb's Toxic Radiance, Ignition and
                  | Discord to your library.
 11151 | D:11     | Noticed a two-headed ogre
 11159 | D:11     | Killed a two-headed ogre
 11160 | D:11     | Reached skill level 7 in Spellcasting
 11282 | D:11     | Noticed a brown ugly thing
 11304 | D:11     | Killed a brown ugly thing
 11312 | D:11     | Found a staircase to the Orcish Mines.
 11319 | D:11     | Reached skill level 3 in Dodging
 11333 | D:11     | Reached skill level 10 in Transmutations
 11831 | D:11     | Found a staircase to the Lair.
 12318 | D:11     | Reached XP level 12. HP: 92/92 MP: 16/22
 12324 | D:11     | Reached skill level 4 in Dodging
 12327 | D:11     | Reached skill level 12 in Unarmed Combat
 13035 | D:12     | Reached skill level 8 in Fighting
 13250 | D:12     | Noticed a two-headed ogre
 13267 | D:12     | Killed a two-headed ogre
 13587 | Lair:1   | Entered Level 1 of the Lair of Beasts
 13658 | Lair:1   | Reached skill level 5 in Dodging
 14041 | Lair:1   | Gained mutation: You cannot be stealthy. [Ru sacrifice]
 14041 | Lair:1   | Reached **** piety under Ru
 14190 | Lair:1   | Noticed a boulder beetle
 14205 | Lair:1   | HP: 26/112 [blink frog (5)]
 14212 | Lair:1   | HP: 25/112 [blink frog (5)]
 14220 | Lair:1   | Reached skill level 11 in Transmutations
 14224 | Lair:1   | Killed a boulder beetle
 14417 | Lair:1   | Reached skill level 6 in Dodging
 14417 | Lair:1   | Reached skill level 8 in Spellcasting
 14770 | Lair:1   | Reached skill level 13 in Unarmed Combat
 15590 | Lair:2   | Found a staircase to the Snake Pit.
 15892 | Lair:2   | Found a staircase to the Shoals.
 16100 | Lair:2   | Noticed Gastronok
 16126 | Lair:2   | Killed Gastronok
 16127 | Lair:2   | Reached skill level 9 in Fighting
 16127 | Lair:2   | Reached skill level 7 in Dodging
 16127 | Lair:2   | Reached XP level 13. HP: 101/101 MP: 19/25
 17068 | Lair:3   | You fall into a shaft and drop 2 floors!
 17068 | Lair:5   | Entered Level 5 of the Lair of Beasts
 17091 | Lair:5   | HP: 18/101 [boulder beetle (15)]
 17093 | Lair:5   | HP: 3/101 [boulder beetle (14)]
 17441 | Lair:3   | HP: 17/101 [blink frog (10)]
 17463 | Lair:3   | HP: 21/98 [blink frog (10)]
 17473 | Lair:3   | Reached skill level 14 in Unarmed Combat
 17716 | Lair:3   | Reached skill level 12 in Transmutations
 18189 | Lair:3   | Reached skill level 8 in Dodging
 19188 | Lair:4   | Reached skill level 9 in Spellcasting
 19191 | Lair:4   | HP: 24/103 [poisoned by a black mamba]
 19196 | Lair:4   | HP: 12/103 [poisoned by a black mamba]
 19201 | Lair:4   | HP: 8/103 [poisoned by a black mamba]
 20010 | Lair:4   | Found a viscous altar of Jiyva.
 20010 | Lair:4   | Found a staircase to the Slime Pits.
 20287 | Lair:5   | Noticed Rupert
 20288 | Lair:5   | Reached skill level 10 in Fighting
 20750 | Lair:4   | HP: 22/103 [cane toad (12)]
 20752 | Lair:4   | HP: 7/103 [cane toad (13)]
 20757 | Lair:4   | HP: 4/103 [poisoned by a cane toad]
 21097 | Lair:5   | Identified the +0 ring mail of the Rose {rC+ Str+3 Slay+3}
 21105 | Lair:5   | Reached XP level 14. HP: 110/110 MP: 22/27
 21168 | Lair:5   | Reached skill level 9 in Dodging
 21184 | Lair:5   | Reached skill level 15 in Unarmed Combat
 21243 | Lair:5   | HP: 18/105 [redback (10)]
 21244 | Lair:5   | HP: 6/106 [poisoned by a redback]
 21245 | Lair:5   | Succumbed to a redback's poison

Vanquished Creatures
  Gastronok (Lair:2)
  A hydra (Lair:3)
  3 boulder beetles
  3 two-headed ogres
  The ghost of KimchiStew the Fighter, a novice FoMo of Lugonu (D:6)
  2 orc knights (Bailey)
  2 manticores
  A wolf spider (Lair:5)
  A cyclops (D:12)
  An ugly thing (D:11)
  A salamander (Lair:2)
  8 black mambas
  A torpor snail (Lair:4)
  18 cane toads
  An unseen horror (D:11)
  6 komodo dragons
  4 rime drakes
  A troll (D:8)
  A wind drake (Lair:2)
  14 blink frogs
  A polar bear (Lair:5)
  4 hornets
  A merfolk (D:12)
  5 dream sheep (Lair:3)
  Sigmund (D:2)
  2 shadows
  A wraith (D:12)
  11 wyverns
  23 yaks
  2 vampire mosquitoes (D:11)
  3 basilisks
  3 redbacks
  An acid dragon (D:11)
  2 wargs (D:11)
  15 water moccasins
  An ice beast (D:5)
  Duvessa (D:5)
  11 orc warriors
  3 black bears
  5 ogres
  6 wolves
  6 centaurs
  6 kobold brigands
  Blork the orc (D:6)
  8 bullfrogs
  2 gnoll sergeants (D:8)
  Dowan (D:5)
  13 killer bees
  18 howler monkeys
  2 lava snakes (Lair:2)
  A gnoll bouda (D:8)
  11 orc priests
  12 hounds
  5 jellies
  Jessica (D:2)
  2 iguanas
  16 orc wizards
  8 gnolls
  6 adders
  A shadow imp (D:7)
  2 white imps (D:6)
  2 ufetubi
  A worm (D:2)
  2 dart slugs
  64 orcs
  6 endoplasms
  4 giant cockroaches
  13 goblins
  7 hobgoblins
  10 jackals
  A quokka (D:2)
  8 ball pythons
  4 bats
  4 frilled lizards
  15 kobolds
  2 rats
438 creatures vanquished.

Vanquished Creatures (others)
  A yak (Lair:4)
  A howler monkey (D:8)
  A gnoll (D:8)
  4 orcs
  18 fungi
  23 plants
48 creatures vanquished.

Grand Total: 486 creatures vanquished

Table legend:
 A = Non-vault XP
 B = Vault XP
 C = Vault XP percentage of total XP
 D = Non-vault monster count
 E = Vault monster count
 F = Vault count percentage of total count
                 A         B        C        D         E       F
            +---------+---------+-------+---------+---------+-------
      Total |   41140 |   15260 |  27.1 |     308 |     133 |  30.2
            +---------+---------+-------+---------+---------+-------
        D:1 |      32 |       6 |  15.8 |      21 |       3 |  12.5
        D:2 |      71 |     252 |  78.0 |      20 |       3 |  13.0
        D:3 |     115 |       0 |   0.0 |      18 |       0 |   0.0
        D:4 |      79 |       0 |   0.0 |      15 |       0 |   0.0
        D:5 |     635 |     219 |  25.6 |      18 |       3 |  14.3
        D:6 |    1106 |     748 |  40.3 |      28 |       2 |   6.7
        D:7 |     828 |       0 |   0.0 |      17 |       0 |   0.0
        D:8 |    1102 |    2648 |  70.6 |      15 |      49 |  76.6
        D:9 |    1815 |       0 |   0.0 |      22 |       0 |   0.0
       D:10 |    1821 |       7 |   0.4 |      16 |       4 |  20.0
       D:11 |    4902 |     536 |   9.9 |      16 |      15 |  48.4
       D:12 |    2664 |     274 |   9.3 |       9 |       1 |  10.0
     Lair:1 |    6240 |       0 |   0.0 |      25 |       0 |   0.0
     Lair:2 |    3388 |    2848 |  45.7 |      13 |       6 |  31.6
     Lair:3 |    7731 |       0 |   0.0 |      25 |       0 |   0.0
     Lair:4 |    5702 |    1066 |  15.8 |      21 |       5 |  19.2
     Lair:5 |    2909 |    4333 |  59.8 |       9 |      15 |  62.5
     Bailey |       0 |    2323 | 100.0 |       0 |      27 | 100.0
            +---------+---------+-------+---------+---------+-------

Skill      XL: |  1  2  3  4  5  6  7  8  9 10 11 12 13 14 |
---------------+-------------------------------------------+-----
Transmutations | 3 4 5 6 7 8 10 11 12 | 12.8
Poison Magic   | 1 2 |  2.0
Unarmed Combat | 4 5 7 8 10 11 13 14 15 | 15.0
Spellcasting   | 3 4 5 6 7 8 9 |  9.3
Ice Magic      | 1 3 4 6 7 |  7.0
Fighting       | 2 3 4 6 7 9 10 | 10.2
Armour         | 1 2 3 4 0 |  0.0
Dodging        | 3 7 8 9 |  9.1

Action                     |  1- 3 |  4- 6 |  7- 9 | 10-12 | 13-15 || total
---------------------------+-------+-------+-------+-------+-------++-------
  Melee: Dagger            |    69 |    60 |     3 |       |       ||   132
         Unarmed           |     2 |    56 |   224 |   611 |   252 ||  1145
         Headbutt          |     7 |     4 |       |       |     1 ||    12
         Punch             |       |       |       |       |    22 ||    22
   Cast: Beastly Appendage |    16 |     7 |       |       |     1 ||    24
         Wereblood         |     1 |     3 |     5 |    28 |     6 ||    43
         Spider Form       |       |    13 |     9 |     1 |       ||    23
         Ice Form          |       |       |    23 |    65 |     2 ||    90
         Blade Hands       |       |       |       |       |    31 ||    31
 Invoke: Sacrifice Artific |       |       |     1 |       |       ||     1
         Sacrifice Durabil |       |       |       |     1 |       ||     1
         Draw Out Power    |       |       |       |     1 |     3 ||     4
         Sacrifice Stealth |       |       |       |     1 |       ||     1
         Reject Sacrifices |       |       |       |       |     1 ||     1
Ability: End Transformatio |       |       |     1 |       |     2 ||     3
    Use: Scroll            |     2 |    11 |     5 |     9 |       ||    27
         Potion            |       |     2 |     1 |     6 |     2 ||    11
   Stab: Distracted        |       |     1 |       |     3 |     1 ||     5
         Invisible         |       |       |       |     6 |     2 ||     8
         Sleeping          |       |       |       |     3 |       ||     3
         Paralysed         |       |       |       |     1 |       ||     1
 Armour: Robe              |    23 |     9 |     3 |     9 |     2 ||    46
         Skin              |       |     3 |    99 |   232 |     4 ||   338
         Leather armour    |       |       |       |       |    26 ||    26
         Ring mail         |       |       |       |       |     8 ||     8
  Dodge: Dodged            |    49 |    74 |   167 |   424 |   170 ||   884

Illustrated notes

Table legend:
 A = Kills in this place as a percentage of kills in the entire game.
 B = Kills by you in this place as a percentage of kills by you in the entire game.
 C = Kills by friends in this place as a percentage of kills by friends in the entire game.
 D = Other kills in this place as a percentage of other kills in the entire game.
 E = Experience gained in this place as a percentage of experience gained in the entire game.
 F = Experience gained in this place divided by the number of levels of this place that you have seen.
                   A       B       C       D       E      F
               +-------+-------+-------+-------+-------+----------------------
         Total | 100.0 | 100.0 |   N/A | 100.0 | 100.0 | 2968.4
       Dungeon |  66.9 |  66.9 |   N/A |  66.7 |  35.2 | 1655.0
          Lair |  27.0 |  26.9 |   N/A |  33.3 |  60.7 | 6843.4
        Bailey |   6.1 |   6.2 |   N/A |   0.0 |   4.1 | 2323.0
               +-------+-------+-------+-------+-------+----------------------

Table legend: (Time is in decaauts)
 A = Elapsed time spent in this place.
 B = Non-inter-level travel time spent in this place.
 C = Inter-level travel time spent in this place.
 D = Time resting spent in this place.
 E = Time spent auto-exploring this place.
 F = Levels seen in this place.
 G = Mean time per level.
                   A        B        C        D        E       F      G
               +--------+--------+--------+--------+--------+-----+--------+
         Total |  21023 |  19991 |   1032 |    956 |  15958 |  19 | 1106.5 |
       Dungeon |  12738 |  11982 |    756 |    359 |   9642 |  12 | 1061.5 |
        Temple |    228 |    186 |     42 |      0 |    184 |   1 |  228.0 |
          Lair |   7327 |   7094 |    233 |    472 |   5791 |   5 | 1465.4 |
        Bailey |    728 |    728 |      0 |    125 |    341 |   1 |  728.0 |
               +--------+--------+--------+--------+--------+-----+--------+

Top non-repeatable levels by time:
  Lair:4: 2061 daAuts
     D:8: 1982 daAuts
    D:11: 1632 daAuts
  Lair:2: 1622 daAuts
  Lair:1: 1584 daAuts
  Lair:3: 1456 daAuts
     D:6: 1218 daAuts
     D:5: 1180 daAuts
     D:2: 1108 daAuts
    D:12: 1061 daAuts
     D:7: 1042 daAuts
    D:10: 825 daAuts
  Bailey: 728 daAuts
     D:9: 694 daAuts
     D:3: 692 daAuts
